 Dungeon Crawl Stone Soup version 0.29.1-13-g9f3cf754e1 (webtiles) character file.

Game seed: 2828310294737098069

20 bjubeck the Trooper (level 2, -1/27 HPs)
             Began as a Minotaur Fighter on Feb 2, 2023.
             Succumbed to a kobold's poison
             ... on level 1 of the Dungeon.
             The game lasted 00:01:39 (352 turns).

bjubeck the Trooper (Minotaur Fighter)               Turns: 352, Time: 00:01:40

Health: -1/27      AC:  6    Str: 20    XL:     2   Next: 58%
Magic:  1/1        EV:  9    Int:  5    God:
Gold:   68         SH:  4    Dex:  9    Spells: 1/1 levels left

rFire   . . .      SeeInvis .   a - +0 war axe
rCold   . . .      Faith    .   c - +0 buckler
rNeg    . . .      Spirit   .   b - +0 scale mail
rPois   .          Reflect  .   (helmet restricted)
rElec   .          Harm     .   (no cloak)
rCorr   .          Rampage  .   (no gloves)
Will    .....                   (no boots)
Stlth   ..........              (no amulet)
HPRegen 0.09/turn               (no ring)
MPRegen 0.07/turn               (no ring)

@: lethally poisoned (-1 -> -24)
A: horns 2, retaliatory headbutt
a: no special abilities


You were on level 1 of the Dungeon.
You visited 1 branch of the dungeon, and saw 1 of its levels.

You collected 68 gold pieces.

Inventory:

Hand Weapons
 a - a +0 war axe (weapon)
Armour
 b - a +0 scale mail (worn)
 c - a +0 buckler (worn)
Scrolls
 e - a scroll of identify {unknown}
 f - a scroll of poison {unknown}
 g - a scroll of magic mapping {unknown}
Potions
 d - a potion of might


   Skills:
 + Level 4.2 Fighting
 + Level 3.2 Axes
 - Level 3.6 Armour
 - Level 3.6 Shields


You had one spell level left.
You didn't know any spells.
Your spell library was empty.

Dungeon Overview and Level Annotations

Branches:
Dungeon (1/15)

Altars:


Innate Abilities, Weirdness & Mutations

You have a pair of horns on your head.
You reflexively headbutt those who attack you in melee.


Message History

A hobgoblin is nearby!
The hobgoblin hits you but does no damage.
You closely miss the hobgoblin. You headbutt the hobgoblin.
You kill the hobgoblin!
No target in view!
Found a stone staircase leading down.
No target in view!
A rat comes into view.
A kobold comes into view. It is wielding a +0 dagger of venom.
The kobold shouts!
The rat bites you but does no damage.
You barely miss the rat. You headbutt the rat.
You kill the rat!
The kobold throws a stone.
You block the stone.
The kobold throws a stone.
The stone hits you but does no damage.
You see here 7 gold pieces.
A kobold is nearby!
You barely miss the kobold. The kobold hits you but does no damage.
You are poisoned.
The kobold hits you but does no damage.
You are more poisoned.
You closely miss the kobold. Your headbutt misses the kobold.
You feel very sick. The kobold hits you but does no damage.
You are lethally poisoned!
You barely miss the kobold.
You feel extremely sick. The kobold hits you but does no damage.
You are more poisoned.
You closely miss the kobold.
* * * LOW HITPOINT WARNING * * *
You feel extremely sick. The kobold barely misses you.
The kobold hits you with a +0 dagger of venom.
* * * LOW HITPOINT WARNING * * *
You are too injured to fight recklessly!
You are too injured to fight recklessly!
You are too injured to fight recklessly!
You miss the kobold.
You die...

##.###.##...# ..(.......#
..........#.#.####........#
.###.###.##..# ##########
.......†....##########
##.###)###.###.......#
####...## ## #.......#
..†.....## #.......#
.#####.....###..K....# .#
###........@>...# .###
#............###
...######..###..........
#...........##.......###
#.(.######..##.......#
###.# #.##.......###. #.#
#........####.. #.#
##.#...#.# #.# #.###
#...###.# #.#


You could see a kobold.

Vanquished Creatures
  A dart slug (D:1)
  A giant cockroach (D:1)
  3 hobgoblins (D:1)
  3 jackals (D:1)
  A kobold (D:1)
  A ball python (D:1)
  3 bats (D:1)
  4 rats (D:1)
17 creatures vanquished.

Notes
Turn   | Place    | Note
-------+----------+-------------------------------------------
     0 | D:1      | bjubeck the Minotaur Fighter began the quest for the Orb.
     0 | D:1      | Reached XP level 1. HP: 19/19 MP: 0/0
   157 | D:1      | Reached skill level 4 in Fighting
   176 | D:1      | Reached XP level 2. HP: 27/27 MP: 1/1
   352 | D:1      | Succumbed to a kobold's poison

Illustrated notes

Levels and vault maps discovered:
D:1:      dpeg_arrival_shrine, layout_rooms, kennysheep_small_spiral,
          nicolae_concentric_dashed_squares_wild

Skill      XL: |  1 |
---------------+----+-----
Fighting       | 4 |  4.2
Axes           | 3 |  3.2
Armour         | |  3.6
Shields        | |  3.6

Action                   || total
-------------------------++-------
Melee: War axe           ||    40
       Headbutt          ||     6
Armor: Scale mail        ||    24
Dodge: Dodged            ||    15
Block: Buckler           ||    13
